 Dungeon Crawl Stone Soup version 0.17-a0-1976-g482a304 (webtiles) character file.

125 Kangaxx the Magician (level 4, 0/24 HPs)
             Began as a Deep Elf Wizard on Oct 5, 2015.
             Slain by Sigmund
             ... wielding a cursed +0 scythe
              (10 damage)
             ... on level 3 of the Dungeon.
             The game lasted 00:08:06 (2267 turns).

Kangaxx the Magician (Deep Elf Wizard)              Turns: 2267, Time: 00:08:06

Health: 0/24       AC:  3    Str:  4    XL:     4   Next: 82%
Magic:  9/13       EV: 13    Int: 24    God:
Gold:   113        SH:  0    Dex: 13    Spells: 5 memorised, 2 levels left

rFire  . . .     SeeInvis .     s - +3 quarterstaff (chaos)
rCold  . . .     Clarity  .     a - +0 robe
rNeg   . . .     SustAt   .     (no shield)
rPois  .         Gourm    .     b - +0 hat
rElec  .         Spirit   .     t - +0 cloak
rCorr  .         Warding  .     (no gloves)
rMut   .         Stasis   .     (no boots)
MR     .....                    (no amulet)
Stlth  ++........               (no ring)
                                (no ring)

@: not resistant to hostile enchantments, unstealthy
A: no striking features
a: no special abilities


You were on level 3 of the Dungeon.
You were not hungry.

You visited 1 branch of the dungeon, and saw 3 of its levels.

You collected 113 gold pieces.

Inventory:

Hand Weapons
 r - a +0 blowgun
 s - a +3 quarterstaff of chaos (weapon)
Missiles
 q - 8 poisoned needles
Armour
 a - a +0 robe (worn)
 b - a +0 hat (worn)
 t - a +0 cloak (worn)
Jewellery
 h - an uncursed ring of flight {unknown}
Scrolls
 e - 3 scrolls of identify {unknown}
 f - a scroll of amnesia {unknown}
 m - a scroll of blinking {unknown}
 n - a scroll of enchant armour {unknown}
 u - a scroll of enchant weapon {unknown}
Potions
 g - 2 potions of haste {unknown}
 i - a potion of heal wounds {unknown}
 j - a potion of invisibility {unknown}
 k - a potion of brilliance {unknown}
 l - 2 potions of ambrosia {unknown}
 p - a potion of mutation {unknown}
 w - a potion of flight {unknown}
Books
 c - a book of Minor Magic

   Spells                             Type                      Level
   a - Magic Dart                     Conjuration                  1
   b - Blink                          Translocation                2
   c - Call Imp                       Summoning                    2
   d - Repel Missiles                 Charms/Air                   2
   e - Slow                           Hexes                        2
   f - Conjure Flame                  Conjuration/Fire             3
   g - Mephitic Cloud                 Conjuration/Poison/Air       3
Comestibles
 d - 4 bread rations
 o - 6 chunks of flesh
 v - a meat ration


   Skills:
 + Level 3.5 Dodging
 + Level 4.0 Stealth
 + Level 5.1 Spellcasting
 * Level 3.1 Conjurations
 + Level 0.0 Charms
   Level 1.1 Summonings
 + Level 1.1 Translocations
 + Level 0.0 Fire Magic
 + Level 0.0 Air Magic
 + Level 0.0 Poison Magic


You had 2 spell levels left.
You knew the following spells:

 Your Spells              Type           Power        Failure   Level  Hunger
a - Magic Dart            Conj           ###.         2%          1    None
b - Blink                 Tloc           N/A          12%         2    None
c - Repel Missiles        Chrm/Air       #.....       14%         2    None
e - Conjure Flame         Conj/Fire      ##......     17%         3    ##.....
h - Mephitic Cloud        Conj/Pois/Air  ##......     21%         3    ##.....


Dungeon Overview and Level Annotations

Branches:
Dungeon (3/15)

Altars:
Ashenzari
Elyvilon
Okawaru

Annotations:
D:3 Sigmund


Message History

You hit Sigmund. You freeze Sigmund.
Sigmund is heavily wounded.
Unknown command.
Unknown command.
Sigmund hits you with a scythe.
Unknown command.
You thump Sigmund! You freeze Sigmund.
Sigmund is almost dead.
Sigmund hits you with a scythe.
Unknown command.
You sock Sigmund!
Sigmund seems to speed up.
Sigmund is almost dead.
Sigmund seems less confused.
Sigmund barely misses you. Sigmund hits you with a scythe.
Your magical contamination has completely faded away.
Unknown command.
You closely miss Sigmund.
Sigmund is almost dead.
Sigmund hits you with a scythe!
You die...

# #########
######........
########...(#........
##...@..#....#........
#...#@..#....#........
#..#_#................
#...#...#....#........
#....$..#....#........
#.##....#....#########
#.......#....#
####.)..#....#
#....###### #..>..


You could see Sigmund (berserk).

Vanquished Creatures
  Crazy Yiuf (D:3)
  Jessica (D:3)
  An adder (D:3)
  3 worms (D:2)
  2 giant geckos
  4 goblins
  5 hobgoblins (D:1)
  11 jackals
  10 kobolds
  7 bats
  3 giant cockroaches
  4 giant newts
  7 rats
59 creatures vanquished.

Notes
Turn   | Place    | Note
--------------------------------------------------------------
     0 | D:1      | Kangaxx the Deep Elf Wizard began the quest for the Orb.
     0 | D:1      | Reached XP level 1. HP: 10/10 MP: 7/7
   201 | D:1      | Reached XP level 2. HP: 10/15 MP: 5/9
   731 | D:1      | Reached XP level 3. HP: 19/19 MP: 7/11
   735 | D:1      | Learned a level 2 spell: Blink
   831 | D:1      | Learned a level 2 spell: Repel Missiles
   835 | D:1      | Learned a level 3 spell: Mephitic Cloud
   839 | D:1      | Learned a level 3 spell: Conjure Flame
  1490 | D:2      | Found an iron altar of Okawaru.
  1502 | D:2      | Found a shattered altar of Ashenzari.
  1678 | D:2      | Found a white marble altar of Elyvilon.
  1906 | D:2      | Reached XP level 4. HP: 24/24 MP: 9/12
  2117 | D:3      | Noticed Crazy Yiuf
  2117 | D:3      | Noticed Jessica
  2123 | D:3      | Killed Jessica
  2123 | D:3      | Reached skill level 5 in Spellcasting
  2124 | D:3      | Killed Crazy Yiuf
  2242 | D:3      | Noticed Sigmund
  2253 | D:3      | Found a faded altar to an unknown god.
  2267 | D:3      | Slain by Sigmund

Vault maps used:
D:1:      dpeg_arrival_shelter
D:2:      overflow_temple_1_default, amethyst_overflow_temple_binary,
          first_bread, hangedman_decor_clover_reticule
D:3:      kennysheep_the_goblin_king, ecumenical_altar_1,
          uniq_crazy_yiuf_cottage, uniq_sigmund, uniq_robin, uniq_jessica

Action                   |  1- 3 |  4- 6 || total
-------------------------+-------+-------++-------
Melee: Unarmed           |     2 |       ||     2
       Quarterstaff      |       |     6 ||     6
 Fire: Blowgun           |       |     4 ||     4
 Cast: Magic Dart        |   134 |    17 ||   151
       Conjure Flame     |     3 |     1 ||     4
       Mephitic Cloud    |       |     2 ||     2
 Stab: Confused          |       |     2 ||     2
  Eat: Chunk             |     3 |     1 ||     4
